 Dungeon Crawl Stone Soup version 0.30.1-4-g462c640d31 (webtiles) character file.

Game seed: 3467319679583724964

364 Anriel the Slasher (level 7, -1/52 HPs)
             Began as a Human Gladiator on Aug 16, 2023.
             Succumbed to a water moccasin's poison
             ... on level 6 of the Dungeon.
             The game lasted 00:11:49 (1794 turns).

Anriel the Slasher (Human Gladiator)                Turns: 1794, Time: 00:11:49

Health: -1/52      AC:  7    Str: 14    XL:     7   Next: 0%
Magic:  7/7        EV: 11    Int:  9    God:
Gold:   1041       SH:  0    Dex: 16    Spells: 6/6 levels left

rFire   . . .        a - +1 long sword
rCold   . . .        (no shield)
rNeg    . . .        j - +0 ring mail
rPois   .            c - +0 helmet
rElec   .            (no cloak)
rCorr   .            (no gloves)
SInv    .            (no boots)
Will    .....        (no amulet)
Stlth   +            (no ring)
HPRegen 0.28/turn    (no ring)
MPRegen 0.10/turn

%: no passive effects
@: lethally poisoned (-1 -> -10)
A: no striking features
a: no special abilities


You were on level 6 of the Dungeon.
You visited 1 branch of the dungeon, and saw 4 of its levels.

You collected 1041 gold pieces.

Inventory:

Hand Weapons
 a - a +1 long sword (weapon)
Missiles
 e - a javelin (quivered)
 i - 5 boomerangs
Armour
 c - a +0 helmet (worn)
 h - an orb of mayhem
 j - a +0 ring mail (worn)
Scrolls
 f - a scroll of enchant weapon
Potions
 g - a potion of lignification
 k - a potion of might


   Skills:
 + Level 3.6 Fighting
 * Level 3.9 Long Blades
 + Level 3.6 Throwing
 + Level 3.9 Armour
 - Level 3.0 Dodging


You had 6 spell levels left.
You didn't know any spells.
Your spell library contained the following spells:

 Spells                   Type           Power      Damage    Failure   Level
 Sting                    Tmut/Pois      0%         1d3       61%         1
 Poisonous Vapours        Pois/Air       0%         N/A       75%         2
 Dazzling Flash           Conj/Hex       0%         N/A       93%         3
 Olgreb's Toxic Radiance  Pois           0%         N/A       100%        4
 Agony                    Necr           0%         N/A       100%        5
 Silence                  Hex/Air        0%         N/A       100%        5


Dungeon Overview and Level Annotations

Branches:
Dungeon (3/15)

Altars:


Message History

The water moccasin bites you.
You are poisoned.
The water moccasin poisons you!
Throw: 3 throwing nets
Press: ? - help, Q - select action, (/) - cycle Shift-Dir - straight line, f/p - water moccasin
Aim: a water moccasin (44% to hit)
You throw a throwing net.
The throwing net closely misses the water moccasin.
You feel very sick. The water moccasin closely misses you.
Throw: 2 throwing nets
Press: ? - help, Q - select action, (/) - cycle Shift-Dir - straight line, f/p - water moccasin
Aim: a water moccasin (44% to hit)
You throw a throwing net.
The throwing net closely misses the water moccasin.
You feel very sick. The water moccasin closely misses you.
Throw: throwing net
Press: ? - help, Q - select action, (/) - cycle Shift-Dir - straight line, f/p - water moccasin
Aim: a water moccasin (44% to hit)
You throw a throwing net.
The throwing net closely misses the water moccasin.
You feel sick. The water moccasin bites you!
You are more poisoned.
The water moccasin poisons you!
As you read the scroll of teleportation, it crumbles to dust.
You feel strangely unstable.
* * * LOW HITPOINT WARNING * * *
You feel very sick. The water moccasin closely misses you.
The water moccasin bites you but does no damage.
Okay, then.
The water moccasin attacks as you move away!
The water moccasin bites you!
* * * LOW HITPOINT WARNING * * *
x2 You feel very sick.
* * * LOW HITPOINT WARNING * * *
You feel very sick.
Your surroundings suddenly seem different.
You die...

#..## ...# ..(# ...
###### ..# .....# #.#
.....# #.# .....#
######.###.....#
#.......#@.....#
#.####..#.######
#.##.S.<#.# #.##.##.#.#
#.......#.# ######
#.......#.#### .....#
#.##.#........
####.###.##......#####.#
#.........###.)........#


There were no monsters in sight!

Vanquished Creatures
  Edmund (D:6)
  A centaur (D:6)
  A phantom (D:6)
  A hound (D:6)
  A gnoll (D:1)
  An adder (D:2)
  A white imp (D:6)
  A dart slug (D:2)
  3 bats
  10 endoplasms
  A giant cockroach (D:1)
  4 goblins
  3 hobgoblins
  3 jackals (D:1)
  A quokka (D:1)
  3 ball pythons
  3 frilled lizards (D:2)
  3 kobolds
  3 rats
45 creatures vanquished.

Notes
Turn   | Place    | Note
-------+----------+-------------------------------------------
     0 | D:1      | Anriel the Human Gladiator began the quest for the Orb.
     0 | D:1      | Reached XP level 1. HP: 16/16 MP: 1/1
   113 | D:1      | Reached skill level 1 in Armour
   113 | D:1      | Reached XP level 2. HP: 22/22 MP: 2/2
   494 | D:1      | Reached XP level 3. HP: 22/28 MP: 3/3
   747 | D:1      | Identified a scroll of acquirement
   747 | D:1      | Acquired 893 gold pieces
  1032 | D:2      | Found a faded altar of an unknown god.
  1042 | D:2      | Reached XP level 4. HP: 34/34 MP: 4/4
  1359 | D:3      | You fall into a shaft and drop 3 floors!
  1380 | D:6      | Noticed a phantom
  1392 | D:6      | Killed a phantom
  1393 | D:6      | Reached XP level 5. HP: 40/41 MP: 5/5
  1545 | D:6      | HP: 2/41 [iguana (12)]
  1713 | D:6      | Noticed a centaur
  1714 | D:6      | Noticed Edmund
  1723 | D:6      | Killed a centaur
  1724 | D:6      | Reached XP level 6. HP: 16/47 MP: 6/6
  1735 | D:6      | Killed Edmund
  1736 | D:6      | Reached XP level 7. HP: 36/52 MP: 7/7
  1782 | D:6      | Noticed a water moccasin
  1793 | D:6      | HP: 1/52 [poisoned by a water moccasin]
  1794 | D:6      | Succumbed to a water moccasin's poison

Illustrated notes

Levels and vault maps discovered:
D:1:      tarquinn_simple_flora_water_b, layout_rooms, minmay_misc_feat_iff
D:2:      layout_loops_ring, shapermc_ecumenical_altar_gd
D:3:      layout_rooms, minmay_misc_feat_secret_circle, st_stairs_14,
          minivault_26, uniq_ijyb
D:6:      layout_loops_cross, minmay_temple_entry_offerings, uniq_maggie,
          uniq_grinder, uniq_edmund

Skill      XL: |  1  2  3  4 |
---------------+-------------+-----
Armour         | 1 2 3 |  3.9
Fighting       | 3 |  3.6
Throwing       | 3 |  3.6
Long Blades    | |  3.9
Dodging        | |  3.0

Action                     |  1- 3 |  4- 6 |  7- 9 || total
---------------------------+-------+-------+-------++-------
  Melee: Long sword        |    72 |    57 |     1 ||   130
         Punch             |       |     1 |       ||     1
  Throw: Javelin           |     1 |       |       ||     1
         Boomerang         |    20 |    19 |     2 ||    41
         Throwing net      |       |     5 |     3 ||     8
    Use: Scroll            |     4 |     2 |     1 ||     7
         Potion            |       |     3 |       ||     3
   Stab: Held in net/web   |       |     1 |       ||     1
 Armour: Ring mail         |    24 |    20 |     2 ||    46
         Leather armour    |     3 |       |       ||     3
         Skin              |       |    32 |       ||    32
  Dodge: Dodged            |    43 |    27 |     3 ||    73
